 Dungeon Crawl Stone Soup version 0.20-a0-848-g73d9be0 (webtiles) character file.

758897 Alarkh the Hoplite (level 27, -2/287 HPs)
             Began as a Demonspawn Fighter on Mar 9, 2017.
             Was the Champion of Makhleb.
             Slain by a yellow draconian
             ... wielding a +0 hand axe
              (8 damage)
             ... on level 4 of the Realm of Zot on Mar 10, 2017.
             The game lasted 03:37:52 (86903 turns).

Alarkh the Hoplite (Demonspawn Fighter)            Turns: 86903, Time: 03:37:52

Health: -2/287     AC: 27    Str: 19    XL:     27
Magic:  41/41      EV: 17    Int: 20    God:    Makhleb [******]
Gold:   6217       SH: 27    Dex: 13    Spells: 27/55 levels left

rFire    + + .     SeeInvis +   a - +9 double sword (slice)
rCold    + + .     Gourm    .   u - +0 pearl dragon scales
rNeg     + + +     Faith    .   r - +3 large shield {rC+ rF+}
rPois    .         Spirit   .   (helmet unavailable)
rElec    .         Reflect  .   i - scarf {repulsion}
rCorr    .         Harm     .   A - +1 pair of gloves of Hibb {MR+}
MR       +++..                  N - +2 pair of boots {Fly}
Stlth    +++++.....             f - amulet "Qoklurgh" {+Blink Regen+}
Regen    1.0/turn               v - ring of the Illusory Emperors {rF+ rN+ Slay+3}
MPRegen  0.3/turn               L - ring "Tuts" {rC+ rN+}

@: flying, repel missiles
A: horns 3, rugged brown scales 3, see invisible, nightstalker 3, robust 3,
screaming 3, shaggy fur 1, spiny 3
}: 4/15 runes: barnacled, slimy, abyssal, gossamer
a: Minor Destruction, Lesser Servant of Makhleb, Major Destruction, Greater
Servant of Makhleb, Renounce Religion, Evoke Blink, Stop Flying


You were on level 4 of the Realm of Zot.
You worshipped Makhleb.
Makhleb was exalted by your worship.
You were not hungry.

You visited 13 branches of the dungeon, and saw 57 of its levels.
You visited the Abyss 3 times.
You also visited: Ossuary, Ice Cave, Volcano, Wizlab and Desolation.

You collected 8199 gold pieces.
You spent 1982 gold pieces at shops.

Inventory:

Hand Weapons
 a - a +9 double sword of slicing (weapon)
 b - the +4 arc blade {discharge, rElec}
   (You took it off Nikola on level 1 of the Spider Nest)

   It insulates you from electricity.
 o - a +1 double sword of freezing
 w - a +9 demon blade of flaming
Armour
 i - a scarf of repulsion (worn)
 r - a +3 large shield of resistance (worn)
 u - +0 pearl dragon scales (worn)
 A - the +1 pair of gloves of Hibb (worn) {MR+}
   (Okawaru gifted it to you on level 4 of the Spider Nest)

   It affects your resistance to hostile enchantments.
 D - the +2 pair of boots of the Forgotten Emperors {Dex+3}
   (You found it on level 1 of the Abyss)

   It affects your dexterity (+3).
 E - +0 gold dragon scales
 G - quicksilver dragon scales
 N - a +2 pair of boots of flying (worn)
 X - +0 storm dragon scales
Magical Staves
 x - an uncursed staff of energy
Jewellery
 f - the amulet "Qoklurgh" (around neck) {+Blink Regen+}
   (You acquired it on level 1 of the Vaults)

   [amulet of regeneration]

   It lets you blink.
   It increases your rate of regeneration.
 p - an uncursed ring of see invisible
 t - an uncursed ring of teleportation
 v - the ring of the Illusory Emperors (right hand) {rF+ rN+ Slay+3}
   (You acquired it on level 2 of the Lair of Beasts)

   [ring of positive energy]

   It affects your accuracy and damage with ranged weapons and melee attacks
   (+3).
   It protects you from fire.
   It protects you from negative energy.
 H - an uncursed ring of fire {unknown}
 L - the ring "Tuts" (left hand) {rC+ rN+}
   (You found it on level 4 of the Depths)

   [ring of positive energy]

   It protects you from cold.
   It protects you from negative energy.
Wands
 y - a wand of digging (7/24)
 Y - a wand of disintegration (12/24)
Scrolls
 c - 12 scrolls of fear
 e - 5 scrolls of identify
 j - 29 scrolls of remove curse
 k - 6 scrolls of blinking
 l - 11 scrolls of teleportation
 m - a scroll of amnesia
 s - 10 scrolls of recharging
 I - a scroll of brand weapon
 J - 4 scrolls of silence
 M - 2 scrolls of fog
 O - 6 scrolls of summoning
 Q - 6 scrolls of magic mapping
 R - a scroll of acquirement
 U - 4 scrolls of vulnerability
Potions
 d - 3 potions of might
 g - 4 potions of brilliance
 n - 2 potions of mutation
 q - 7 potions of resistance
 B - 3 potions of berserk rage
 C - 8 potions of agility
 F - 4 potions of haste
 K - 16 potions of curing
 P - 6 potions of heal wounds
 V - a potion of cancellation
Books
 T - a book of Burglary

   Spells                             Type                      Level
   a - Swiftness                      Charms/Air                   2
   b - Passwall                       Transmutation/Earth          2
   c - Passage of Golubria            Translocation                4
   d - Lee's Rapid Deconstruction     Earth                        5
   e - Darkness                       Hexes                        6
   f - Invisibility                   Hexes                        6
 Z - a book of Annihilations

   Spells                             Type                      Level
   a - Poison Arrow                   Conjuration/Poison           6
   b - Chain Lightning                Conjuration/Air              8
   c - Lehudib's Crystal Spear        Conjuration/Earth            8
   d - Glaciate                       Conjuration/Ice              9
   e - Fire Storm                     Conjuration/Fire             9
Comestibles
 h - 26 bread rations
 z - 3 fruits
 S - a meat ration
 W - 3 chunks of flesh


   Skills:
 - Level 16.0 Fighting
 - Level 16.0 Long Blades
 - Level 15.1 Armour
 - Level 15.0 Dodging
 - Level 8.4 Stealth
 * Level 23.3 Shields
 + Level 14.6 Spellcasting
 + Level 15.9 Conjurations
 + Level 15.7 Summonings
 + Level 13.3 Necromancy
 - Level 11.2 Translocations
 * Level 14.5 Earth Magic
 - Level 8.0 Invocations
 - Level 8.0 Evocations


You had 27 spell levels left.
You knew the following spells:

 Your Spells              Type           Power        Failure   Level  Hunger
a - Iron Shot             Conj/Erth      ######....   6%          6    #####..
b - Blink                 Tloc           N/A          1%          2    None
c - Spellforged Servitor  Conj/Summ      ######....   17%         7    ######.
d - Passwall              Tmut/Erth      #####.....   1%          2    None
e - Dispel Undead         Necr           ######..     1%          5    ###....
f - Apportation           Tloc           ######       1%          1    None
r - Aura of Abjuration    Summ           ######....   1%          5    ###....


Dungeon Overview and Level Annotations

Branches:
Dungeon (15/15)            Temple (1/1) D:5            Lair (6/6) D:10
 Shoals (4/4) Lair:4       Spider (4/4) Lair:4        Slime (5/5) Lair:5
    Orc (2/2) D:10            Elf (3/3) Orc:2        Vaults (4/5) D:14
  Crypt (3/3) Vaults:3       Tomb (0/3) Crypt:3      Depths (5/5) D:15
   Hell (1/1)                 Zot (4/5) Depths:5
    Dis: Hell:1         Geh: Hell:1         Coc: Hell:1         Tar: Hell:1

Altars:
Ashenzari
Cheibriados
Dithmenos
Elyvilon
Fedhas
Gozag
Hepliaklqana
Kikubaaqudgha
Makhleb
Nemelex Xobeh
Okawaru
Qazlal
Ru
Sif Muna
Trog
Uskayaw
Vehumet
Wu Jian
Xom
Yredelemnul
Zin
The Shining One
Beogh
Jiyva

Shops:
D:15 (!   Orc:2 :[?*   Elf:1 *   Elf:3 [==   Vaults:2 %   Vaults:3 *(:
Vaults:4 =   Depths:5 ((

Portals:
Hell: Depths:1 Depths:2 Depths:3 Depths:4 Depths:5
Abyss: Depths:4 Depths:5
Pandemonium: Orc:2 Depths:3 Depths:4
Ziggurat: Depths:5

Annotations:
D:1 1 exclusion
D:2 1 exclusion
Slime:2 Dissolution
Vaults:1 1 exclusion
Hell Geryon, Murray


Innate Abilities, Weirdness & Mutations

You have a pair of large horns on your head.
You are completely covered in rugged brown scales. (AC +3, +7% HP)
You are completely attuned to the shadows.
You are extremely robust. (+30% HP)
You are completely covered in sharp spines.
You have supernaturally acute eyesight. (SInv)
You frequently scream uncontrollably at your foes.
You are covered in fur. (AC +1)


Message History

The deathcap disappears in a puff of smoke! x2
The wandering mushroom disappears in a puff of smoke! x3
The deathcap disappears in a puff of smoke!
The yellow draconian hits you but does no damage.
The storm dragon is struck by your spines.
The storm dragon closely misses you. The storm dragon completely misses you.
The storm dragon barely misses you.
You're too confused!
You feel better. You block the storm dragon's attack. x2
The storm dragon tramples you but does no damage.
The yellow draconian is struck by your spines.
The yellow draconian hits you with a hand axe!
* * * LOW HITPOINT WARNING * * *
The storm dragon bites you!!
* * * LOW HITPOINT WARNING * * *
You block the storm dragon's attack.
The storm dragon tramples you but does no damage.
The yellow draconian is struck by your spines.
The yellow draconian hits you with a hand axe!
You die...

#.........
.#..........
...#.§§.....
..(..§X)†...
#..⌠...d@....
#..#.....§D§§§..
#.d#...[.<§.§§.#
#.y#...#.§....##
##.###..)))...##
#####..#..#.))...##
.....q.#.d#..#..##
..d...#.##.##..##
d.§8...#..# ...


You could see a tentacled monstrosity, a storm dragon (berserk) and a yellow
draconian (berserk).

Vanquished Creatures
  the Royal Jelly (Slime:5)
  3 ancient liches
  2 juggernauts (Depths:4)
  Bai Suzhen (Vaults:3)
  Saint Roka (Depths:2)
  3 curse toes
  8 golden dragons
  8 bone dragons
  Nikola (Spider:1)
  A Hellbinder (WizLab)
  Arachne (Spider:2)
  A Tzitzimitl (Zot:1)
  Jorgrun (Elf:3)
  3 electric golems
  13 tentacled monstrosities
  15 liches
  2 hellephants
  Asterion (Elf:3)
  8 quicksilver dragons
  9 deep elf blademasters
  6 titans
  4 deep elf master archers
  31 tentacled starspawn
  8 death cobs
  Kirke (Spider:3)
  5 sphinxes
  An Executioner (Abyss:1)
  29 acid blobs
  3 draconian monks
  6 storm dragons
  An ancient champion (Crypt:2)
  2 shadow dragons
  4 tengu reavers
  Donald (Shoals:1)
  A revenant (Crypt:3)
  Ilsuiw (Shoals:4)
  14 azure jellies
  Roxanne (Elf:1)
  13 fire giants
  10 deep elf sorcerers
  A draconian knight (Zot:3)
  6 draconian scorchers
  5 ghost moths
  An angel (Abyss:3)
  6 emperor scorpions
  A balrug (Abyss:1)
  12 frost giants
  6 cacodemons
  7 vault wardens
  The ghost of PeterLawrence the Warrior, a journeyman GrFi of Okawaru (D:13)
  2 iron dragons (Depths:5)
  4 draconian shifters
  8 reapers
  7 deep elf elementalists
  An imperial myrmidon (Desolation)
  Louise (D:14)
  2 curse skulls
  12 ironheart preservers
  6 ghouls
  A draconian stormcaller (Zot:3)
  29 stone giants
  7 spriggan defenders
  3 draconian annihilators
  5 entropy weavers
  7 black draconians
  20 very ugly things
  8 green draconians
  3 war gargoyles (Crypt:3)
  6 vampire knights
  Nessos (D:11)
  A lorocyproca (Abyss:1)
  5 deep elf demonologists (Elf:3)
  6 red draconians
  7 purple draconians
  12 white draconians
  5 deep elf annihilators
  2 halazid warlocks (Desolation)
  8 yellow draconians
  11 spark wasps
  12 deep elf death magi
  Snorg (D:12)
  3 green deaths (WizLab)
  3 blizzard demons
  A quicksilver dragon zombie (Crypt:3)
  4 crystal guardians
  3 eidola
  8 death oozes
  Josephine (D:14)
  17 fire dragons
  10 jiangshi
  17 ettins
  9 merfolk javelineers
  13 great orbs of eyes
  7 servants of whispers (Desolation)
  12 merfolk impalers
  19 yaktaur captains
  6 hydras
  18 ogre magi
  4 deep elf high priests
  The ghost of Apogee the Basher, a journeyman GrFi of Cheibriados (IceCv)
  9 ragged hierophants (Desolation)
  16 vault guards
  17 rakshasas
  12 ice dragons
  8 spriggan air magi
  A hell beast (Depths:3)
  6 merfolk aquamancers
  4 peacekeepers
  11 centaur warriors
  6 alligator snapping turtles
  A merfolk avatar (Shoals:2)
  2 satyrs
  2 catoblepae
  8 death knights
  38 two-headed ogres
  25 dancing weapons
  8 deep troll shamans
  Urug (Lair:3)
  21 deep troll earth magi
  5 hell hogs
  8 vampire magi
  9 spriggan berserkers
  A naga sharpshooter (Depths:4)
  A death yak (D:14)
  17 hell knights
  11 orc high priests
  16 thrashing horrors
  2 storm dragon zombies (Crypt:3)
  5 soul eaters
  5 tengu warriors
  9 sixfirhies
  3 sun demons
  4 spatial maelstroms
  4 shadow wraiths
  A titan skeleton (Vaults:3)
  26 wretched stars
  24 deep elf knights
  Nergalle (D:12)
  2 iron trolls
  27 skeletal warriors
  5 sea snakes
  An infernal demonspawn (Orc:2)
  A glowing orange brain (shapeshifter) (Depths:4)
  3 torturous demonspawn (Orc:2)
  7 wizards
  6 unseen horrors
  7 flayed ghosts
  A ghost moth zombie (Crypt:2)
  14 glowing orange brains
  37 deep trolls
  2 shadow dragon zombies
  An anaconda zombie (Crypt:3)
  2 anaconda skeletons
  A golden dragon skeleton (Crypt:1)
  22 orc knights
  25 harpies
  A tengu zombie (Vaults:4)
  6 phantasmal warriors
  18 ironbrand convokers
  A harpy (shapeshifter) (Abyss:3)
  71 deep elf magi
  An orb spider (shapeshifter) (Vaults:1)
  25 deep elf archers
  69 ugly things
  A frost giant zombie (Crypt:3)
  13 necromancers
  22 orb spiders
  3 wolf spider zombies
  A mana viper (Abyss:2)
  31 wolf spiders
  7 orc sorcerers
  A fire giant zombie (Crypt:3)
  8 shining eyes
  6 oklob plants
  A stone giant zombie (Crypt:1)
  5 cyclopes
  12 fauns
  8 fire giant skeletons (Crypt:3)
  14 worldbinders
  22 manticores
  23 moths of wrath
  5 black mambas
  9 merfolk sirens
  A stone giant skeleton (Crypt:3)
  3 apocalypse crabs
  4 rust devils
  6 elephants (Lair:6)
  3 frost giant skeletons
  A molten gargoyle (Desolation)
  5 eyes of devastation
  2 ice statues (IceCv)
  13 vault sentinels
  6 guardian serpents
  A dire elephant zombie (Crypt:3)
  7 gargoyles
  20 smoke demons
  10 water nymphs
  32 spiny frogs
  A naga mage (D:15)
  13 orange demons
  A dire elephant skeleton (Abyss:1)
  A spiny frog (shapeshifter) (Abyss:1)
  9 kobold demonologists
  2 efreet
  5 centaur skeletons
  4 hellions
  17 demonic crawlers
  13 freezing wraiths
  3 rime drakes
  51 yaktaurs
  12 komodo dragons
  A human skeleton (Vaults:3)
  2 hellwings
  A tengu conjurer (D:14)
  14 ancient zymes
  19 ice devils
  A yaktaur skeleton (Vaults:4)
  A queen bee (Spider:4)
  2 meliai (shapeshifter)
  A troll (shapeshifter) (Vaults:3)
  A red devil (WizLab)
  A merfolk (shapeshifter) (Elf:3)
  18 hornets
  15 trolls
  A tengu simulacrum (Vaults:3)
  6 meliai
  29 jumping spiders
  9 polar bears
  9 hippogriffs
  2 wind drakes (shapeshifter)
  4 tyrant leeches (Lair:6)
  31 merfolk
  113 slime creatures
  A shadow dragon simulacrum (Vaults:4)
  2 hornets (shapeshifter)
  6 wind drakes
  54 saltlings
  58 raiju
  34 blink frogs
  A jumping spider zombie (Crypt:1)
  2 fire dragon zombies (Crypt:3)
  A meliai zombie (Crypt:2)
  A guardian serpent zombie (Crypt:2)
  5 bog bodies
  A stone giant simulacrum (Vaults:3)
  12 snapping turtles
  9 dream sheep
  8 spriggans
  15 flying skulls
  48 starcursed masses
  2 ice dragon skeletons
  A spriggan (shapeshifter) (Vaults:4)
  4 air elementals
  9 shadows
  7 vampires
  3 wyverns
  A spriggan skeleton (Depths:1)
  A yak (shapeshifter) (Vaults:3)
  13 ynoxinuls
  136 redbacks
  10 fire dragon skeletons (Crypt:3)
  A tarantella (shapeshifter) (Depths:3)
  37 tarantellas
  33 water elementals
  5 basilisks
  A hog (shapeshifter) (Depths:3)
  5 hogs
  5 fire bats
  33 yaks
  14 wraiths
  A golden eye (shapeshifter) (Depths:1)
  A steam dragon (Lair:4)
  10 neqoxecs
  5 hungry ghosts
  24 golden eyes
  A human (D:14)
  6 chaos spawn
  49 large abominations
  A yaktaur simulacrum (Vaults:2)
  An emperor scorpion simulacrum (Abyss:3)
  54 small abominations
  A faun zombie (Crypt:2)
  7 spatial vortices
  6 vampire mosquitoes
  8 insubstantial wisps (Abyss:1)
  8 wargs
  2 floating eyes (Depths:4)
  9 hell hounds (Abyss:1)
  7 water moccasins
  A floating eye (shapeshifter) (Depths:1)
  8 porcupines
  A swamp drake (D:10)
  An ice beast (D:10)
  A soldier ant (D:11)
  A manticore zombie (Crypt:3)
  An elf zombie (Vaults:4)
  74 orc warriors
  A black bear (shapeshifter) (Vaults:3)
  36 ogres
  7 black bears
  An elf simulacrum (Depths:1)
  An eye of draining (shapeshifter) (Vaults:4)
  13 eyes of draining
  2 fire dragon simulacra
  A snapping turtle zombie (Abyss:1)
  7 necrophages
  2 phantoms (D:14)
  8 wolves
  An elf skeleton (Vaults:3)
  53 centaurs
  An ettin simulacrum (Crypt:1)
  A dream sheep zombie (Crypt:2)
  A hornet zombie (D:7)
  12 crocodiles
  A swamp dragon skeleton (Crypt:2)
  7 big kobolds
  2 wyvern zombies
  27 bullfrogs
  A gnoll sergeant (D:5)
  An earth elemental (Elf:1)
  A komodo dragon skeleton (Crypt:2)
  A spiny frog simulacrum (Abyss:1)
  2 scorpions
  A hornet simulacrum (Vaults:1)
  A wyvern skeleton (D:9)
  A spriggan zombie (Crypt:1)
  17 wights
  28 killer bees
  5 electric eels
  A raiju skeleton (Crypt:2)
  2 bullfrog zombies
  8 crimson imps
  A draconian simulacrum (IceCv)
  11 quasits
  A demonspawn zombie (Crypt:1)
  5 jellies
  6 hounds
  A bullfrog skeleton (D:9)
  6 centaur zombies
  31 orc priests
  12 iron imps
  29 orc wizards
  Terence (D:2)
  2 iguanas
  A porcupine zombie (Crypt:1)
  Natasha (thrice) (D:4)
  13 worker ants
  2 spriggan simulacra (IceCv)
  2 troll simulacra (IceCv)
  4 big kobold zombies (Ossuary)
  3 centaur simulacra
  A crocodile zombie (Crypt:1)
  A demigod zombie (Crypt:2)
  An ogre skeleton (Crypt:1)
  A hound zombie (D:11)
  A mummy (Ossuary)
  14 gnolls
  2 naga simulacra (IceCv)
  11 adders
  An ogre simulacrum (IceCv)
  3 shadow imps
  13 white imps
  14 ufetubi
  2 oozes
  2 adder skeletons
  5 worms
  4 leopard geckos
  140 orcs
  A spectral bat (Ossuary)
  A bat zombie (Crypt:1)
  9 giant cockroaches
  8 gnoll zombies (Ossuary)
  5 hobgoblins
  12 jackals
  40 kobolds
  7 quokkas
  4 bats
  A bat simulacrum (Ossuary)
  3 frilled lizards
  10 goblins
  4 goblin simulacra (Ossuary)
  5 goblin zombies (Ossuary)
  5 hobgoblin zombies (Ossuary)
  4 kobold simulacra (Ossuary)
  3 kobold zombies (Ossuary)
  5 orc zombies (Ossuary)
  9 rats
  2 rat simulacra (Ossuary)
  3 spectral goblins (Ossuary)
  3 spectral kobolds (Ossuary)
  A spectral rat (Ossuary)
  A bush (Lair:4)
  A butterfly (D:7)
  2 crawling corpses (Elf:3)
  3 lurking horrors (Abyss:3)
  A plant (Shoals:3)
  14 starspawn tentacles
  A withered plant (D:15)
3694 creatures vanquished.

Vanquished Creatures (collateral kills)
  2 orbs of fire
  A golden dragon (Zot:1)
  A draconian monk (Zot:2)
  A draconian scorcher (Zot:2)
  A draconian shifter (Zot:1)
  A draconian annihilator (Zot:2)
  2 green draconians
  3 black draconians
  A white draconian (Zot:3)
  2 purple draconians
  A moth of wrath (Zot:3)
16 creatures vanquished.

Vanquished Creatures (others)
  A draconian knight (Zot:1)
  A fire dragon (Depths:3)
  A great orb of eyes (Depths:4)
  A satyr (Shoals:4)
  A deep elf knight (Abyss:1)
  A faun (Shoals:4)
  An eye of devastation (Abyss:1)
  A merfolk (Shoals:4)
  A silent spectre (Abyss:1)
  A fire bat (Abyss:1)
  An orc warrior (Depths:2)
  An ogre (Vaults:3)
  A quasit (Abyss:3)
  A starcursed mass (Abyss:1)
  An ufetubus (Abyss:1)
  An orc (D:10)
  9 fungi
  47 plants
  60 starspawn tentacles
132 creatures vanquished.

Grand Total: 3842 creatures vanquished

Notes
Turn   | Place    | Note
-------+----------+-------------------------------------------
     0 | D:1      | Alarkh the Demonspawn Fighter began the quest for the Orb.
     0 | D:1      | Reached XP level 1. HP: 18/18 MP: 1/1
   306 | D:1      | Gained mutation: You are slightly more attuned to the shadows. [demonic ancestry]
   306 | D:1      | Reached XP level 2. HP: 24/24 MP: 2/2
   914 | D:2      | Gained mutation: You have a pair of small horns on your head. [demonic ancestry]
   914 | D:2      | Reached XP level 3. HP: 28/29 MP: 3/3
  1087 | D:2      | Reached skill level 1 in Dodging
  1156 | D:2      | Noticed Terence
  1209 | D:2      | Killed Terence
  1209 | D:2      | Reached skill level 3 in Shields
  1209 | D:2      | Reached XP level 4. HP: 14/35 MP: 4/4
  1428 | D:2      | Found a stormy altar of Qazlal.
  1534 | D:2      | Found a shattered altar of Ashenzari.
  1685 | D:2      | Gained mutation: You have a pair of horns on your head. [demonic ancestry]
  1685 | D:2      | Reached XP level 5. HP: 38/41 MP: 5/5
  2582 | D:3      | Found a deep blue altar of Sif Muna.
  2813 | D:4      | Noticed Natasha
  2822 | D:4      | Killed Natasha
  2880 | D:4      | Found a shadowy altar of Dithmenos.
  2915 | D:4      | Noticed an ogre
  2938 | D:4      | Killed an ogre
  2938 | D:4      | Reached XP level 6. HP: 47/48 MP: 6/6
  3049 | D:4      | Found a blossoming altar of Fedhas.
  3214 | D:4      | Noticed Natasha
  3225 | D:4      | Killed Natasha
  3333 | D:4      | Noticed Natasha
  3338 | D:4      | Killed Natasha
  3548 | D:4      | Found a glowing golden altar of the Shining One.
  3562 | D:5      | Entered Level 5 of the Dungeon
  3601 | D:5      | Gained mutation: You are significantly more attuned to the shadows. [demonic ancestry]
  3601 | D:5      | Reached XP level 7. HP: 54/54 MP: 7/7
  3718 | D:5      | Found a sand-covered staircase.
  3723 | Ossuary  | Entered an ossuary
  4088 | Ossuary  | Reached skill level 4 in Shields
  4298 | D:5      | Found an iron altar of Okawaru.
  4304 | D:5      | Became a worshipper of Warmaster Okawaru
  4462 | D:5      | Found a burning altar of Makhleb.
  4462 | D:5      | Found a basalt altar of Yredelemnul.
  4735 | D:5      | Gained mutation: You are robust. (+10% HP) [potion of mutation]
  4735 | D:5      | Gained mutation: You are covered in fur. (AC +1) [potion of mutation]
  4735 | D:5      | Gained mutation: Your natural rate of healing is unusually fast. [potion of mutation]
  4750 | D:5      | Reached skill level 5 in Long Blades
  5100 | D:5      | Found a staircase to the Ecumenical Temple.
  5107 | Temple   | Entered the Ecumenical Temple
  5485 | D:6      | Reached skill level 5 in Fighting
  5485 | D:6      | Reached XP level 8. HP: 64/68 MP: 8/8
  5671 | D:6      | Reached * piety under Okawaru
  5887 | D:6      | Found a sacrificial altar of Ru.
  5951 | D:6      | Noticed a dagger
  5952 | D:6      | Noticed a dagger
  5956 | D:6      | Found a hide-covered altar of Uskayaw.
  6109 | D:7      | Reached ** piety under Okawaru
  6109 | D:7      | Reached skill level 5 in Shields
  6346 | D:7      | Gained mutation: You are completely attuned to the shadows. [demonic ancestry]
  6346 | D:7      | Reached XP level 9. HP: 75/75 MP: 9/9
  6471 | D:7      | Found a runed door.
  6480 | D:7      | Reached skill level 5 in Armour
  6508 | D:7      | Found a runed door.
  7188 | D:8      | Reached *** piety under Okawaru
  7324 | D:8      | Reached skill level 5 in Dodging
  7476 | D:8      | Noticed a two-headed ogre
  7491 | D:8      | Killed a two-headed ogre
  7491 | D:8      | Reached skill level 6 in Shields
  7491 | D:8      | Gained mutation: You are partially covered in rugged brown scales. (AC +1, +3% HP) [demonic ancestry]
  7491 | D:8      | Reached XP level 10. HP: 70/86 MP: 10/10
  7499 | D:8      | Got an ichor-stained helmet
  7552 | D:8      | Found a white marble altar of Elyvilon.
  7796 | D:9      | Found a bloodstained altar of Trog.
  7882 | D:9      | Reached **** piety under Okawaru
  8248 | D:9      | Noticed a two-headed ogre
  8256 | D:9      | Killed a two-headed ogre
  8585 | D:9      | Found an ancient bone altar of Kikubaaqudgha.
  8798 | D:10     | Entered Level 10 of the Dungeon
  9027 | D:10     | Found a staircase to the Lair.
  9170 | D:10     | Noticed a two-headed ogre
  9178 | D:10     | Killed a two-headed ogre
  9178 | D:10     | Reached ***** piety under Okawaru
  9315 | D:10     | Noticed a brown ugly thing
  9339 | D:10     | Killed a brown ugly thing
  9631 | D:10     | Reached skill level 7 in Shields
  9631 | D:10     | Gained mutation: You have a pair of large horns on your head. [demonic ancestry]
  9631 | D:10     | Reached XP level 11. HP: 96/96 MP: 11/11
  9782 | D:10     | Found a staircase to the Orcish Mines.
 10023 | Lair:1   | Entered Level 1 of the Lair of Beasts
 10026 | Lair:1   | Noticed an oklob plant
 10026 | Lair:1   | Noticed an oklob plant
 10386 | Lair:1   | Received a gift from Okawaru
 10550 | Lair:1   | Got a scorched granite ring
 10669 | Lair:1   | Identified the cursed ring "Xosm" {rElec Int-5} (You found it on level 1 of the Lair of Beasts)
 11006 | Lair:1   | Reached skill level 10 in Long Blades
 11291 | Lair:2   | Found a dark tunnel.
 11406 | Volcano  | Entered a volcano
 11433 | Volcano  | Noticed a two-headed ogre
 11449 | Volcano  | Killed a two-headed ogre
 11563 | Volcano  | Noticed a two-headed ogre
 11572 | Volcano  | Killed a two-headed ogre
 11609 | Volcano  | Noticed a hell knight
 11614 | Volcano  | Noticed a two-headed ogre
 11632 | Volcano  | Killed a hell knight
 11683 | Volcano  | Killed a two-headed ogre
 11754 | Volcano  | Noticed a two-headed ogre
 11755 | Volcano  | Noticed a two-headed ogre
 11756 | Volcano  | Noticed an ogre mage
 11764 | Volcano  | Killed an ogre mage
 11768 | Volcano  | Killed a two-headed ogre
 11768 | Volcano  | Reached ****** piety under Okawaru
 11768 | Volcano  | Reached XP level 12. HP: 82/106 MP: 9/12
 11773 | Volcano  | Killed a two-headed ogre
 11773 | Volcano  | Received a gift from Okawaru
 11996 | Lair:2   | Reached skill level 8 in Shields
 13434 | Lair:3   | Noticed Urug
 13443 | Lair:3   | Killed Urug
 14157 | Lair:4   | Noticed a four-headed hydra
 14165 | Lair:4   | Killed a one-headed hydra
 14202 | Lair:4   | Noticed a four-headed hydra
 14207 | Lair:4   | Killed a one-headed hydra
 14413 | Lair:4   | Found a staircase to the Shoals.
 14422 | Lair:4   | Received a gift from Okawaru
 14423 | Lair:4   | Got a crystal trident {god gift}
 14424 | Lair:4   | Identified the +10 trident of Fealarot {pierce, Fragile rF+ rN+ Int+4} (Okawaru gifted it to you on level 4 of the Lair of Beasts)
 14997 | Lair:4   | Found a hole to the Spider Nest.
 15234 | Lair:5   | Gained mutation: You are mostly covered in rugged brown scales. (AC +2, +5% HP) [demonic ancestry]
 15234 | Lair:5   | Reached XP level 13. HP: 107/118 MP: 13/13
 15263 | Lair:5   | Found a staircase to the Slime Pits.
 15270 | Lair:5   | Found a viscous altar of Jiyva.
 15727 | Lair:5   | Reached skill level 9 in Shields
 15877 | Lair:5   | Received a gift from Okawaru
 15878 | Lair:5   | Got a heavily runed ring mail {god gift}
 15889 | Lair:5   | Identified the +5 ring mail of Coronation {-Cast +Inv Str+7 Dex+2} (Okawaru gifted it to you on level 5 of the Lair of Beasts)
 16084 | Lair:6   | Entered Level 6 of the Lair of Beasts
 16093 | Lair:6   | Reached skill level 10 in Fighting
 16275 | Lair:6   | Gained mutation: You are partially covered in sharp spines. [demonic ancestry]
 16275 | Lair:6   | Reached XP level 14. HP: 44/126 MP: 14/14
 16759 | Lair:6   | Received a gift from Okawaru
 16764 | Lair:6   | Got a shimmering morningstar {god gift}
 16772 | Lair:6   | Identified the +1 morningstar "Codaym" {pain, rPois MR+} (Okawaru gifted it to you on level 6 of the Lair of Beasts)
 17661 | Lair:6   | Received a gift from Okawaru
 17903 | Orc:1    | Entered Level 1 of the Orcish Mines
 18126 | Orc:2    | Entered Level 2 of the Orcish Mines
 18185 | Orc:2    | Noticed a stone giant
 18341 | Orc:2    | Killed a stone giant
 18376 | Orc:2    | Gained mutation: You are completely covered in rugged brown scales. (AC +3, +7% HP) [demonic ancestry]
 18376 | Orc:2    | Reached XP level 15. HP: 98/138 MP: 15/15
 18507 | Orc:2    | Found a frozen archway.
 18517 | IceCv    | Entered an ice cave
 18518 | IceCv    | Noticed Apogee's ghost (journeyman GrFi)
 18532 | IceCv    | Killed Apogee's ghost
 18831 | IceCv    | Reached skill level 10 in Armour
 19018 | IceCv    | Got an encrusted shortbow
 19090 | Orc:2    | Found a staircase to the Elven Halls.
 19285 | Orc:2    | Received a gift from Okawaru
 19427 | Orc:2    | Found Goytosed's Magic Scroll Shoppe.
 19429 | Orc:2    | Found Wuing's General Store.
 19618 | Orc:2    | Found a roughly hewn altar of Beogh.
 19620 | Orc:2    | Reached skill level 10 in Shields
 20246 | Orc:2    | Reached skill level 15 in Long Blades
 20323 | Orc:2    | Found Xar Tilu's Book Shop.
 20323 | Orc:2    | Found Zusech's Antique Armour Boutique.
 20344 | Orc:2    | Found a one-way gate leading to the halls of Pandemonium.
 20430 | Orc:2    | Bought a translucent scale mail for 189 gold pieces
 20643 | Orc:2    | Bought a scroll of enchant armour for 135 gold pieces
 20643 | Orc:2    | Bought a scroll of brand weapon for 360 gold pieces
 20643 | Orc:2    | Bought a scroll of identify for 36 gold pieces
 20643 | Orc:2    | Bought a scroll of teleportation for 54 gold pieces
 20643 | Orc:2    | Bought a scroll of identify for 36 gold pieces
 20654 | Orc:2    | Identified the cursed +1 scale mail of Hide-and-Seek {Dex+7} (You bought it in a shop on level 2 of the Orcish Mines)
 20667 | Orc:2    | Bought a scroll of enchant weapon for 97 gold pieces
 20667 | Orc:2    | Bought a potion of agility for 52 gold pieces
 21375 | D:11     | Reached skill level 10 in Dodging
 21850 | D:12     | Noticed Snorg
 21870 | D:12     | Killed Snorg
 21880 | D:12     | Got a translucent lead ring
 21882 | D:12     | Identified the ring "Baekew" {Ice Dex+4} (You found it on level 12 of the Dungeon)
 22015 | D:12     | Noticed Nessos
 22159 | D:11     | Received a gift from Okawaru
 22160 | D:11     | Got a translucent demon blade {god gift}
 22161 | D:11     | Identified the +5 demon blade "Hozai" {elec, -Tele Str+6 Int+3} (Okawaru gifted it to you on level 11 of the Dungeon)
 22179 | D:11     | Killed Nessos
 22249 | D:12     | Paralysed by a hornet for 2 turns
 22460 | D:12     | Noticed Nergalle
 22467 | D:12     | Killed Nergalle
 23367 | D:13     | Reached XP level 16. HP: 141/148 MP: 16/16
 23401 | D:13     | Received a gift from Okawaru
 23513 | D:13     | Noticed PeterLawrence's ghost (journeyman GrFi)
 23573 | D:13     | Killed PeterLawrence's ghost
 23885 | D:14     | Noticed Louise
 23896 | D:14     | Found a huge runed gate.
 23907 | D:14     | Found a huge runed gate.
 23923 | D:14     | Killed Louise
 24352 | D:14     | Received a gift from Okawaru
 24353 | D:14     | Got a faintly glowing shield {god gift}
 24567 | D:14     | Identified the +2 shield of Polish {Int+2 Dex+6} (Okawaru gifted it to you on level 14 of the Dungeon)
 24625 | D:14     | Reached skill level 11 in Shields
 24934 | D:14     | Found a gate to the Vaults.
 25024 | D:14     | Found a huge runed gate.
 25025 | D:14     | Found a huge runed gate.
 25147 | D:14     | Noticed Josephine
 25152 | D:14     | Killed Josephine
 25266 | D:14     | Reached skill level 1 in Invocations
 25333 | D:15     | Entered Level 15 of the Dungeon
 25333 | D:15     | Found Xota's Antique Weapon Boutique.
 25341 | D:14     | Reached skill level 1 in Stealth
 25485 | D:15     | Reached skill level 1 in Evocations
 25759 | D:15     | Received a gift from Okawaru
 26062 | D:15     | Found a staircase to the Depths.
 26123 | D:15     | Received a gift from Okawaru
 26244 | D:15     | Found Woklaroe's Distillery.
 26258 | D:15     | Bought 2 potions of invisibility for 208 gold pieces
 26258 | D:15     | Bought a potion of haste for 130 gold pieces
 26315 | D:15     | Found a roughly hewn altar of Beogh.
 27067 | Spider:1 | Entered Level 1 of the Spider Nest
 27070 | Spider:1 | Reached XP level 17. HP: 157/157 MP: 19/19
 27234 | Spider:1 | Noticed Nikola
 27250 | Spider:1 | Received a gift from Okawaru
 27467 | Spider:1 | Killed Nikola
 27978 | Spider:1 | Reached skill level 5 in Invocations
 28334 | Spider:2 | Received a gift from Okawaru
 28335 | Spider:2 | Got a heavily jewelled robe {god gift}
 28346 | Spider:2 | Identified the +1 robe of the Lost Dances {rPois rF- rN+ Int+4} (Okawaru gifted it to you on level 2 of the Spider Nest)
 28461 | Spider:2 | Noticed Arachne
 28478 | Spider:2 | Killed Arachne
 29150 | Spider:3 | Reached skill level 5 in Stealth
 29400 | Spider:3 | Reached skill level 12 in Shields
 29490 | Spider:3 | Got a spiked ring mail
 29503 | Spider:3 | Identified the +1 ring mail of Hirchu Hileic {rElec rPois rF- rN++} (You found it on level 3 of the Spider Nest)
 29712 | Spider:3 | Received a gift from Okawaru
 29714 | Spider:3 | Got an encrusted double sword {god gift}
 29715 | Spider:3 | Identified the +8 double sword of the Crushed Lies {freeze, rN+ Stlth+} (Okawaru gifted it to you on level 3 of the Spider Nest)
 29892 | Lair:2   | Learned a level 6 spell: Iron Shot
 29900 | Lair:2   | Learned a level 7 spell: Spellforged Servitor
 30106 | Spider:3 | Noticed Kirke
 30333 | Spider:3 | Killed Kirke
 30430 | Spider:4 | Entered Level 4 of the Spider Nest
 30499 | Spider:4 | Reached skill level 5 in Evocations
 30810 | Spider:4 | Received a gift from Okawaru
 30811 | Spider:4 | Got a pair of jewelled gloves {god gift}
 30815 | Spider:4 | Gained mutation: You are very robust. (+20% HP) [demonic ancestry]
 30815 | Spider:4 | Reached XP level 18. HP: 130/181 MP: 23/23
 30826 | Spider:4 | Identified the +1 pair of gloves of Hibb {MR+} (Okawaru gifted it to you on level 4 of the Spider Nest)
 32275 | Spider:4 | Received a gift from Okawaru
 32421 | Spider:4 | Got a gossamer rune of Zot
 32725 | Shoals:1 | Entered Level 1 of the Shoals
 32734 | Shoals:1 | Received a gift from Okawaru
 32867 | Shoals:1 | Noticed Donald
 32874 | Shoals:1 | Killed Donald
 35450 | Shoals:3 | Received a gift from Okawaru
 35451 | Shoals:3 | Reached skill level 13 in Shields
 35691 | Shoals:3 | Gained mutation: You are mostly covered in sharp spines. [demonic ancestry]
 35691 | Shoals:3 | Reached XP level 19. HP: 164/193 MP: 25/25
 35810 | Shoals:4 | Entered Level 4 of the Shoals
 35900 | Shoals:4 | Got a glittering garnet amulet
 35901 | Shoals:4 | Identified the amulet of Erevocur {Inacc Fragile rElec rC- rN+++} (You found it on level 4 of the Shoals)
 36961 | Shoals:4 | Noticed Ilsuiw
 37000 | Shoals:4 | Killed Ilsuiw
 37056 | Shoals:4 | Identified a scroll of acquirement
 37441 | Shoals:4 | Received a gift from Okawaru
 37631 | Shoals:4 | Got a barnacled rune of Zot
 37731 | Shoals:4 | Got a brightly glowing ring mail
 37944 | Shoals:4 | Identified the +3 ring mail "Ychet" {rCorr} (You found it on level 4 of the Shoals)
 38123 | Lair:2   | Got a slimy copper ring
 38125 | Lair:2   | Identified the ring of the Illusory Emperors {rF+ rN+ Slay+3} (You acquired it on level 2 of the Lair of Beasts)
 38283 | Elf:1    | Entered Level 1 of the Elven Halls
 38406 | Elf:1    | Found Qeawkase's General Store.
 38420 | Elf:1    | Bought a scroll of blinking for 135 gold pieces
 38487 | Elf:1    | Found a radiant altar of Vehumet.
 38529 | Elf:1    | Received a gift from Okawaru
 39020 | Elf:1    | Noticed Roxanne
 39049 | Elf:1    | Killed Roxanne
 39050 | Elf:1    | Identified Roxanne's Grimoire of the Rocks (You took it off Roxanne on level 1 of the Elven Halls)
 39639 | Elf:2    | Found a ruined gateway.
 39666 | Desolati | Entered the Desolation of Salt
 39902 | Desolati | Reached skill level 15 in Fighting
 39991 | Desolati | Identified Wairymog's Tome of Shifting Feathers
 40052 | Desolati | Received a gift from Okawaru
 40258 | Desolati | Reached XP level 20. HP: 205/205 MP: 26/26
 40282 | Desolati | Got a faintly glowing brass amulet
 40283 | Desolati | Identified the amulet of the Raven {Reflect rElec rPois SH+2} (You found it in the Desolation of Salt)
 40379 | Desolati | Received a gift from Okawaru
 40579 | Desolati | Reached skill level 14 in Shields
 40785 | Desolati | Identified the Compendium of the Snowflakes and Arcane Weapons
 41034 | Desolati | Got a smoking hand crossbow
 41035 | Desolati | Identified the +4 hand crossbow "Zus Xogo" {speed, Int+4 Stlth+} (You found it in the Desolation of Salt)
 41081 | Desolati | Got a transparent mace
 41209 | Desolati | Identified the +10 mace of Defenestration {crush, *Drain rC++ rN+} (You found it in the Desolation of Salt)
 41373 | Elf:2    | Found a runed gate.
 41374 | Elf:2    | Found a runed gate.
 41375 | Elf:2    | Found a runed gate.
 42373 | Elf:3    | Entered Level 3 of the Elven Halls
 42434 | Elf:3    | Found Mujagaj's Jewellery Shoppe.
 42439 | Elf:3    | Found Nemowafe's Jewellery Shoppe.
 42552 | Elf:3    | Noticed Asterion
 42559 | Elf:3    | Killed Asterion
 42647 | Elf:3    | Found a deep blue altar of Sif Muna.
 42685 | Elf:3    | Found a magical portal.
 42711 | WizLab   | Entered The Hall of the Hellbinder
 42733 | WizLab   | Received a gift from Okawaru
 42990 | WizLab   | Gained mutation: You occasionally shout uncontrollably at your foes. [a cacodemon]
 43441 | WizLab   | Noticed Womuj
 43443 | WizLab   | Found a burning altar of Makhleb.
 43448 | WizLab   | Killed Womuj the Hellbinder
 43560 | WizLab   | Identified the Volume of Companions
 43595 | WizLab   | Identified the Handbook of Summoning
 43976 | Lair:2   | Learned a level 5 spell: Aura of Abjuration
 44261 | Lair:1   | Learned a level 1 spell: Apportation
 44877 | Elf:3    | Received a gift from Okawaru
 44877 | Elf:3    | Gained mutation: You are completely covered in sharp spines. [demonic ancestry]
 44877 | Elf:3    | Reached XP level 21. HP: 212/217 MP: 27/27
 44884 | Elf:3    | Reached skill level 15 in Armour
 44884 | Elf:3    | Reached skill level 15 in Shields
 45201 | Elf:3    | Got a flickering marble ring
 45251 | Elf:3    | Reached skill level 1 in Conjurations
 45257 | Elf:3    | Reached skill level 1 in Translocations
 45443 | Elf:3    | Reached skill level 1 in Summonings
 45445 | Elf:3    | Identified the ring of Zasemyji {rPois MP+9} (You took it off a deep elf annihilator on level 3 of the Elven Halls)
 45625 | Elf:3    | Found Dasysan's Antique Armour Shop.
 45636 | Elf:3    | Noticed Jorgrun
 45644 | Elf:3    | Killed Jorgrun
 45644 | Elf:3    | Reached skill level 1 in Spellcasting
 46224 | Lair:2   | Learned a level 2 spell: Passwall
 46524 | Elf:3    | Got a polished long sword
 46525 | Elf:3    | Identified the +5 long sword "Spiderslayer" {freeze, Int+2} (You found it on level 3 of the Elven Halls)
 46568 | Elf:3    | Got an encrusted plate armour
 46579 | Elf:3    | Identified the cursed +1 plate armour of the Duke {rF+ Regen+ Dex+2 Stlth-} (You took it off a deep elf master archer on level 3 of the Elven Halls)
 47010 | Vaults:1 | Entered Level 1 of the Vaults
 47689 | Vaults:1 | Received a gift from Okawaru
 48538 | Vaults:1 | Got a warped ivory amulet
 48539 | Vaults:1 | Identified the amulet "Qoklurgh" {+Blink Regen+} (You acquired it on level 1 of the Vaults)
 48563 | Vaults:2 | Received a gift from Okawaru
 48821 | Vaults:2 | Reached skill level 15 in Dodging
 49564 | Vaults:2 | Received a gift from Okawaru
 49633 | Vaults:2 | Reached skill level 5 in Conjurations
 49634 | Vaults:2 | Reached XP level 22. HP: 219/226 MP: 28/28
 49642 | Vaults:2 | Reached skill level 5 in Translocations
 49851 | Vaults:2 | Found Cimeet's Food Boutique.
 50480 | Vaults:3 | Found Emocoiq's Weapon Shop.
 50549 | Vaults:3 | Reached skill level 5 in Summonings
 50578 | Vaults:3 | Reached skill level 16 in Shields
 50829 | Vaults:3 | Found Giceugh's General Store.
 50833 | Vaults:3 | Bought a scroll of enchant weapon for 150 gold pieces
 50833 | Vaults:3 | Bought a potion of haste for 200 gold pieces
 50833 | Vaults:3 | Bought 2 potions of heal wounds for 200 gold pieces
 51039 | Vaults:3 | Received a gift from Okawaru
 51043 | Vaults:3 | Got a crystal long sword {god gift}
 51044 | Vaults:3 | Identified the +9 long sword of Battle {slice, rElec rF+ Int+2 Dex+2} (Okawaru gifted it to you on level 3 of the Vaults)
 51216 | Vaults:3 | Found Haheteo's Book Shop.
 51253 | Vaults:3 | Reached skill level 5 in Spellcasting
 51561 | Vaults:3 | Received a gift from Okawaru
 51622 | Vaults:3 | Found a staircase to the Crypt.
 51622 | Vaults:3 | Found an ancient bone altar of Kikubaaqudgha.
 51622 | Vaults:3 | Found a basalt altar of Yredelemnul.
 51780 | Vaults:3 | Noticed Bai Suzhen
 51795 | Vaults:3 | Killed Bai Suzhen
 52751 | Vaults:4 | Received a gift from Okawaru
 53031 | Vaults:4 | Found Tachudep's Jewellery Shop.
 53514 | Vaults:4 | Reached skill level 17 in Shields
 53760 | Vaults:4 | Reached XP level 23. HP: 223/233 MP: 26/33
 54220 | Depths:1 | Entered Level 1 of the Depths
 54357 | Depths:1 | Received a gift from Okawaru
 54425 | Depths:1 | Received a gift from Okawaru
 54964 | Depths:1 | Got a faintly humming crystal plate armour {god gift}
 54965 | Depths:1 | Identified the +13 crystal plate armour of Supple Strength {+Inv rPois} (Okawaru gifted it to you on level 1 of the Depths)
 54983 | Depths:1 | Found a gateway to Hell.
 55892 | Depths:2 | Received a gift from Okawaru
 56561 | Depths:2 | Noticed Saint Roka
 56585 | Depths:2 | Killed Saint Roka
 57196 | Depths:2 | Got a brightly glowing long sword {god gift}
 57197 | Depths:2 | Identified the +4 long sword of Elitism {slice, SInv} (Okawaru gifted it to you on level 2 of the Depths)
 57242 | Depths:2 | Reached skill level 18 in Shields
 57524 | Depths:2 | Received a gift from Okawaru
 57951 | Depths:2 | Reached XP level 24. HP: 242/242 MP: 29/35
 58553 | Depths:3 | Received a gift from Okawaru
 58560 | Depths:3 | Got a pair of faintly humming gloves {god gift}
 58739 | Depths:3 | Identified the +0 pair of gloves "Hyatwuev" {Str+4} (Okawaru gifted it to you on level 3 of the Depths)
 58772 | Depths:3 | Reached skill level 10 in Summonings
 59091 | Depths:3 | Reached skill level 10 in Conjurations
 59292 | Depths:3 | Got a scorched leather armour
 59293 | Depths:3 | Identified the +1 leather armour "Urrocvurgh" {rF+} (You found it on level 3 of the Depths)
 59910 | Depths:4 | Found a bloodstained altar of Trog.
 60173 | Depths:4 | Noticed a juggernaut
 60205 | Depths:4 | Killed a juggernaut
 60205 | Depths:4 | Received a gift from Okawaru
 60359 | Depths:4 | Found a one-way gate to the infinite horrors of the Abyss.
 60397 | Depths:4 | Reached skill level 19 in Shields
 60397 | Depths:4 | Reached skill level 10 in Translocations
 60459 | Depths:4 | Got a wavering jade ring
 60462 | Depths:4 | Identified the ring "Tuts" {rC+ rN+} (You found it on level 4 of the Depths)
 60603 | Depths:4 | Noticed a juggernaut
 60617 | Depths:4 | Killed a juggernaut
 60622 | Depths:4 | Reached skill level 10 in Spellcasting
 60826 | Depths:4 | Paralysed by a floating eye for 4 turns
 60957 | Depths:4 | Reached XP level 25. HP: 149/250 MP: 37/37
 61116 | Depths:4 | Learned a level 2 spell: Blink
 61122 | Depths:4 | Learned a level 5 spell: Dispel Undead
 61286 | Depths:4 | Reached skill level 1 in Necromancy
 61335 | Depths:4 | Got a shimmering silver ring
 61360 | Depths:4 | Identified the ring of Mant {rPois MP+9 Stlth+} (You found it on level 4 of the Depths)
 61481 | Depths:4 | Received a gift from Okawaru
 61565 | Depths:4 | Got a scintillating tin ring
 61568 | Depths:4 | Identified the ring "Malitouts" {Ice *Drain MR+ Stlth+} (You found it on level 4 of the Depths)
 61762 | Depths:4 | Got a heavy robe
 61763 | Depths:4 | Identified the +3 robe of the Manifold Wars {Str+3 SInv} (You found it on level 4 of the Depths)
 61923 | Depths:5 | Entered Level 5 of the Depths
 62197 | Depths:5 | Found Adghol's Antique Weapon Shop.
 62205 | Depths:5 | Received a gift from Okawaru
 62248 | Depths:5 | Found Inukhleist's Antique Weapon Boutique.
 63038 | Depths:5 | Found a gate to the Realm of Zot.
 63341 | Depths:5 | Found a gateway to a ziggurat.
 63895 | Depths:5 | Got a wavering copper amulet
 63940 | Depths:5 | Identified the amulet "Goph" {+Rage MP+9} (You found it on level 5 of the Depths)
 63966 | Hell     | Entered the Vestibule of Hell
 63966 | Hell     | Noticed Geryon
 63993 | Depths:5 | Gained mutation: Your flesh is cold resistant. (rC+) [a cacodemon]
 64005 | Hell     | Noticed Murray
 64230 | Depths:2 | Received a gift from Okawaru
 64230 | Depths:2 | Reached skill level 5 in Necromancy
 64774 | Depths:2 | Reached skill level 20 in Shields
 64847 | Depths:4 | Voluntarily entered the Abyss.
 64853 | Abyss:1  | Found a corrupted altar of Lugonu.
 65021 | Abyss:1  | Reached skill level 1 in Earth Magic
 65363 | Abyss:1  | Received a gift from Okawaru
 65364 | Abyss:1  | Got a dazzling scimitar {god gift}
 65365 | Abyss:1  | Identified the +3 scimitar of Guile {flame, *Drain rElec Str+8} (Okawaru gifted it to you on level 1 of the Abyss)
 65552 | Abyss:2  | Found a corrupted altar of Lugonu.
 65946 | Abyss:2  | Gained mutation: You are extremely robust. (+30% HP) [demonic ancestry]
 65946 | Abyss:2  | Reached XP level 26. HP: 209/279 MP: 36/38
 66954 | Abyss:3  | Received a gift from Okawaru
 67004 | Abyss:3  | Paralysed by accursed screaming for 2 turns
 67100 | Abyss:3  | Got an abyssal rune of Zot
 67490 | Abyss:3  | Found a corrupted altar of Lugonu.
 67515 | Abyss:3  | Found an iron altar of Okawaru.
 67535 | Abyss:3  | Reached skill level 5 in Earth Magic
 67660 | Abyss:3  | Gained mutation: You tend to lose your temper in combat. [a neqoxec]
 67944 | Abyss:3  | Found a corrupted altar of Lugonu.
 68295 | Depths:4 | Escaped the Abyss
 68578 | Crypt:1  | Entered Level 1 of the Crypt
 68975 | Crypt:1  | Received a gift from Okawaru
 69052 | Crypt:1  | Got a steaming ring mail
 69063 | Crypt:1  | Identified the +1 ring mail of Woof {+Blink rElec} (You found it on level 1 of the Crypt)
 70396 | Crypt:2  | Received a gift from Okawaru
 70485 | Crypt:3  | Entered Level 3 of the Crypt
 71050 | Crypt:3  | Mutation became permanent: You are extremely robust. (+30% HP) [demonic ancestry]
 71050 | Crypt:3  | Reached XP level 27. HP: 279/287 MP: 39/39
 71084 | Crypt:3  | Reached skill level 21 in Shields
 71352 | Crypt:3  | Found an ancient bone altar of Kikubaaqudgha.
 71426 | Crypt:3  | Noticed an ancient lich
 71434 | Crypt:3  | Paralysed by an ancient lich for 6 turns
 71440 | Crypt:3  | Killed an ancient lich
 71486 | Crypt:3  | Identified the Volume of Freezing Feathers
 71512 | Crypt:3  | Identified the Volume of Supportive Feathers
 72218 | Crypt:3  | Found a staircase to the Tomb.
 72309 | Crypt:3  | Identified the Almanac of Flight
 73202 | Slime:1  | Entered Level 1 of the Pits of Slime
 73698 | Slime:2  | Received a gift from Okawaru
 73822 | Slime:3  | Gained mutation: You are clumsy. (Dex -2) [a shining eye]
 73834 | Slime:3  | Gained mutation: You sometimes yell uncontrollably at your foes. [a shining eye]
 73835 | Slime:3  | Gained mutation: Your spells are a little easier to cast, but a little less powerful. [a shining eye]
 73958 | Slime:4  | Noticed Dissolution
 74528 | Slime:4  | Reached skill level 10 in Earth Magic
 74937 | Slime:4  | Lost mutation: You are clumsy. (Dex -2) [a shining eye]
 74956 | Slime:5  | Entered Level 5 of the Pits of Slime
 74998 | Slime:5  | Noticed the Royal Jelly
 75114 | Slime:5  | Reached skill level 10 in Necromancy
 75579 | Slime:5  | Found a viscous altar of Jiyva.
 75661 | Slime:5  | Killed the Royal Jelly
 75661 | Slime:5  | Received a gift from Okawaru
 75685 | Slime:5  | Got a transparent ring mail {god gift}
 75709 | Slime:5  | Identified the Reference Book on Torrid Clay
 75734 | Slime:5  | Identified the +4 ring mail "Siupeid" {rC+++ Str+2} (Okawaru gifted it to you on level 5 of the Pits of Slime)
 75743 | Slime:5  | Identified the Guide on Damage Dealing and Stolen Souls
 75746 | Slime:5  | Got a sparkling wooden ring
 75748 | Slime:5  | Got a glittering lapis lazuli ring
 75767 | Slime:5  | Identified the Grimoire of the Ghastly Voyage
 75772 | Slime:5  | Got a slimy rune of Zot
 75818 | Slime:5  | Got an ichor-stained plate armour
 75819 | Slime:5  | Identified the +4 plate armour of Rawadgh {+Inv rCorr Slay-6} (You found it on level 5 of the Pits of Slime)
 76122 | Lair:2   | Identified the ring of Polytheism {MR+ Dex+4} (You found it on level 5 of the Pits of Slime)
 76124 | Lair:2   | Identified the ring "Qinith" {*Tele rPois rF+ Slay+2 Stlth+} (You found it on level 5 of the Pits of Slime)
 76138 | Lair:2   | Lost mutation: Your natural rate of healing is unusually fast. [potion of mutation]
 76138 | Lair:2   | Lost mutation: Your spells are a little easier to cast, but a little less powerful. [potion of mutation]
 76138 | Lair:2   | Lost mutation: Your flesh is cold resistant. (rC+) [potion of mutation]
 76138 | Lair:2   | Gained mutation: You have supernaturally acute eyesight. (SInv) [potion of mutation]
 76138 | Lair:2   | Lost mutation: You tend to lose your temper in combat. [potion of mutation]
 76326 | D:5      | Fell from the grace of Okawaru
 76326 | D:5      | Became a worshipper of Makhleb the Destroyer
 76731 | Depths:4 | Voluntarily entered the Abyss.
 76775 | Abyss:1  | Found a corrupted altar of Lugonu.
 76787 | Abyss:1  | Noticed an ancient lich
 76799 | Abyss:1  | Killed an ancient lich
 77098 | Abyss:1  | Reached * piety under Makhleb
 77233 | Abyss:2  | Gained mutation: You frequently scream uncontrollably at your foes. [a neqoxec]
 77453 | Depths:4 | Escaped the Abyss
 77619 | Depths:5 | Voluntarily entered the Abyss.
 77706 | Abyss:1  | Paralysed by accursed screaming for 1 turns
 77707 | Abyss:1  | Noticed an ancient lich
 77721 | Abyss:1  | Reached ** piety under Makhleb
 78005 | Abyss:1  | Reached skill level 22 in Shields
 78452 | Abyss:1  | Reached *** piety under Makhleb
 78583 | Abyss:1  | Found a corrupted altar of Lugonu.
 78928 | Abyss:1  | Found a sparkling altar of Nemelex Xobeh.
 78934 | Abyss:1  | Found a sparkling altar of Nemelex Xobeh.
 79019 | Abyss:1  | Paralysed by accursed screaming for 2 turns
 79027 | Abyss:1  | Reached **** piety under Makhleb
 79028 | Abyss:1  | Paralysed by accursed screaming for 1 turns
 79740 | Abyss:1  | Found a corrupted altar of Lugonu.
 79780 | Abyss:1  | Reached ***** piety under Makhleb
 79904 | Abyss:1  | Found a corrupted altar of Lugonu.
 79915 | Abyss:1  | Found a corrupted altar of Lugonu.
 80667 | Abyss:1  | Noticed an ancient lich
 80676 | Abyss:1  | Killed an ancient lich
 80676 | Abyss:1  | Reached skill level 15 in Conjurations
 80709 | Abyss:1  | Got a pair of pitted boots
 80725 | Abyss:1  | Identified the +2 pair of boots of the Forgotten Emperors {Dex+3} (You found it on level 1 of the Abyss)
 80986 | Abyss:1  | Got a twisted robe
 80987 | Abyss:1  | Identified the cursed +0 robe of Indomitability {rF+ Str-5 Dex+4} (You found it on level 1 of the Abyss)
 81108 | Abyss:1  | Reached ****** piety under Makhleb
 81300 | Abyss:1  | Found a corrupted altar of Lugonu.
 81750 | Abyss:1  | Found a sparkling altar of Nemelex Xobeh.
 81755 | Abyss:1  | Was forgiven by Okawaru
 81888 | Abyss:1  | Found a sparkling altar of Nemelex Xobeh.
 81918 | Depths:5 | Escaped the Abyss
 81990 | Zot:1    | Entered Level 1 of the Realm of Zot
 82427 | Zot:1    | Reached skill level 15 in Summonings
 82619 | Zot:1    | Noticed an orb of fire
 82635 | Zot:1    | Killed an orb of fire
 84217 | Zot:2    | Noticed an orb of fire
 84232 | Zot:2    | Killed an orb of fire
 84331 | Zot:2    | Reached skill level 23 in Shields
 85609 | Zot:3    | Got a shimmering scale mail
 85610 | Zot:3    | Identified the +2 scale mail "Lioc" {-Cast rC+ rN++ Int+9} (You found it on level 3 of the Realm of Zot)
 86897 | Zot:4    | HP: 14/287 [white draconian/hand axe (9)]
 86903 | Zot:4    | HP: 6/287 [storm dragon (18)]
 86903 | Zot:4    | Slain by a yellow draconian

Vault maps used:
D:1:      dpeg_arrival_tiny_a, serial_glass, glass_columns_a, glass_columns_a,
          due_unseen_surprise
D:2:      minmay_wonky_spiral, evilmike_ruin_ashenzari,
          overflow_temple_1_default, due_unseen_surprise, uniq_terence
D:3:      led_sif_pool
D:4:      lemuel_doored_altar, nicolae_dithmenos_shadow_blocks,
          tso_oasis_becter, uniq_natasha
D:5:      chequers_temple_overflow_statue_of_worship, temple_hall, first_bread,
          enter_ossuary_5, okawaru_ov_weapons_minmay
D:6:      dancing_weapons_uskayaw, kennysheep_little_box
D:7:      lemuel_insect_pit
D:8:      elyvilon_altar_5, the_bakery, minmay_misc_feat_ornament,
          hangedman_abyss_or_decor_jellyfish_corner, minmay_misc_feat_square
D:9:      nicolae_overflow_hidden_temple, bloody_trog
D:10:     lair_entry_dummy, erik_orc_1
D:12:     uniq_nergalle, uniq_nessos, uniq_snorg
D:14:     lemuel_bear_cage, grunt_vaults_entry_fortified, serial_bayou_pond_a,
          uniq_josephine, uniq_louise
D:15:     grunt_enter_depths_magical_seal, grunt_decor_arrowhead, special_room,
          serial_shops, shop, nicolae_shop_window_shopping, argonaut_gorgonesque
Temple:   jpeg_temple_island
Lair:1:   minmay_holes, minmay_lair_oklob_chamber
Lair:2:   nicolae_volcano_entry_lava_flow, lemuel_fruit_fields
Lair:3:   uniq_urug
Lair:4:   elwin_shoals_entry_rooms, nicolae_spider_entry_orb_guardian,
          minmay_lair_oklob_bushes
Lair:5:   slime_altar_1
Lair:6:   minmay_lair_end_frog_pond, serial_bayou_shore_b
Shoals:1: uniq_donald
Shoals:3: nicolae_shoals_island_circles
Shoals:4: shoals_end_simple, shoal_ilsuiw, nicolae_shoals_stone_sculpture_thing
Spider:1: spider_trap, uniq_nikola
Spider:2: nicolae_spider_shape, uniq_arachne
Spider:3: uniq_kirke
Spider:4: spider_rune_water, special_room, nicolae_spider_webs_and_nodes
Slime:4:  uniq_dissolution
Orc:2:    pf_orc_diabolical, portal_ice_cave_rime, kennysheep_orc_chapel
Elf:1:    serial_shops, nicolae_shop_competitors_out_of_business, serial_glass,
          glass_columns_b, glass_columns_a, glass_columns_a, glass_columns_a,
          basic_altar, hangedman_elven_crosses_minicolossus, uniq_roxanne
Elf:2:    portal_desolation_entry_salt, lemuel_flamethrower_1
Elf:3:    minmay_elf_hall_quartered_circle, lightli_enter_wizlab_magi_temple,
          serial_shops, shop, basic_altar, minmay_shop_star, uniq_asterion,
          uniq_jorgrun
Vaults:1: nicolae_vaults_diagonal_hallway_7, v_alt_pattern_3,
          hangedman_vaults_corner, vaults_room_boxed,
          hangedman_vaults_hard_town_square, v_misc_33, vaults_room_pool,
          ontoclasm_vaults_shuriken, grunt_vaults_hallway_long,
          nicolae_vaults_sealed_display, dpeg_vaults_monster_box
Vaults:2: ontoclasm_vaults_ring_square, v_misc_16, hangedman_vaults_nodes,
          vaults_mumra_hexcomb, grunt_vaults_swirl, vaults_room_large_hall,
          v_misc_17, nicolae_vaults_triangles, dpeg_vaults_monster_row,
          v_misc_11, nicolae_vaults_ring_of_whatevers, vaults_dpeg_encased_lava,
          serial_shops, nicolae_shop_behind_doors
Vaults:3: nicolae_vaults_little_squares_2, v_misc_30,
          minmay_crypt_entry_necro_gods, vaults_room_large_hall,
          vaults_standard_mumra_lines, vaults_dpeg_diagonal, v_misc_32,
          v_misc_19, nicolae_vaults_network_quinsquares, vaults_room_hallway,
          serial_shops, nicolae_shop_stone,
          nicolae_shop_temple_entry_statues_fountains, nicolae_shop_trees,
          uniq_bai_suzhen
Vaults:4: nicolae_vaults_little_squares_5, nicolae_vaults_stairing_the_circle,
          v_misc_30, hangedman_vaults_slither, grunt_vaults_trifunnel,
          nicolae_vaults_diagonal_hallway_9, st_cross,
          nicolae_vaults_specimen_jars, nicolae_vaults_asterisk,
          vaults_room_fancy_cross, nicolae_vaults_little_squares_6,
          serial_ice_g, ontoclasm_vaults_twist, v_misc_3, v_misc_16,
          vaults_room_grunt_arrival_checkpoint, serial_shops, shop
Crypt:1:  grunt_crypt_arrival_webbed
Crypt:3:  quadcrypt_mu
Depths:1: roderic_ancient_swastika, hell_entry, spider_trap,
          hangedman_decor_slide_cut, dk_noncrumbling_4, grunt_tough_drop
Depths:2: evilmike_diamond_1, serial_sigils, serial_sigils_hangedman_carve,
          serial_sigils_hangedman_gut, serial_sigils_hangedman_writhe,
          serial_sigils_hangedman_snap, hangedman_decor_growths, hell_entry,
          uniq_saint_roka
Depths:3: minmay_imperfect_grid, pf_hell_entry_tar_spiral,
          rand_demon_pan_entry_5
Depths:4: hangedman_spin_cycle, hell_entry, abyss_entry, pan_entry
Depths:5: evilmike_zot_entry_basic, enter_ziggurat_f, serial_bayou,
          serial_bayou_crossing, serial_bayou_lagoon_a, serial_bayou_pond_e,
          serial_bayou_pond_d, serial_bayou_pond_e, serial_bayou_ford_a,
          hell_entry, abyss_entry_small_statue_room, serial_shops,
          nicolae_shop_waterfront, nicolae_shop_behind_doors,
          grunt_ministairs_8, minmay_misc_feat_more_columns
Zot:1:    grunt_ministairs_14
Zot:2:    grunt_ministairs_5, lemuel_golem_globe
Zot:4:    grunt_twist_and_shout, zot_minivault_2
Abyss:2:  guppyfry_abyss_exit_glass_guarded
Abyss:3:  onia_ninara_dug_in_and_dangerous, evilmike_abyss_exit_mutagenic
Ossuary:  ossuary_zaba_two_paths
IceCv:    ice_cave_tombish
Volcano:  volcano_pools
WizLab:   wizlab_demon

Skill      XL: |  1  2  3  4  5  6  7  8  9 10 11 12 13 14 15 16 17 18 19 20 21 22 23 24 25 26 27 |
---------------+----------------------------------------------------------------------------------+-----
Long Blades    | 2 3 4 5 6 8 9 10 12 13 14 15 16 | 16.0
Armour         | 3 4 5 6 7 8 9 10 11 12 13 14 15 | 15.1
Dodging        | 1 2 3 4 5 6 7 8 9 10 11 12 13 14 15 | 15.0
Shields        | 3 4 5 6 7 8 9 10 11 12 13 14 15 17 18 19 20 23 | 23.3
Fighting       | 4 5 6 7 8 9 10 11 12 13 14 15 16 | 16.0
Invocations    | 3 7 8 |  8.0
Stealth        | 3 6 7 8 |  8.4
Evocations     | 2 5 7 8 |  8.0
Conjurations   | 5 7 9 11 12 13 15 | 15.9
Translocations | 4 7 8 10 11 | 11.2
Summonings     | 4 7 9 10 12 13 15 | 15.7
Spellcasting   | 4 6 8 10 11 12 14 | 14.6
Necromancy     | 6 8 13 | 13.3
Earth Magic    | 2 7 14 | 14.5

Action                   |  1- 3 |  4- 6 |  7- 9 | 10-12 | 13-15 | 16-18 | 19-21 | 22-24 | 25-27 || total
-------------------------+-------+-------+-------+-------+-------+-------+-------+-------+-------++-------
Melee: Long sword        |   149 |   214 |   541 |   394 |       |       |       |       |       ||  1298
       Headbutt          |    14 |    44 |   120 |   124 |   258 |   455 |   317 |   473 |  1206 ||  3011
       Unarmed           |       |     2 |       |       |       |    12 |       |       |       ||    14
       Scimitar          |       |       |       |   199 |   879 |    79 |       |       |       ||  1157
       Demon blade       |       |       |       |       |   138 |   550 |       |     6 |       ||   694
       Rapier            |       |       |       |       |       |   693 |  1500 |  2028 |   476 ||  4697
       Double sword      |       |       |       |       |       |   345 |    99 |    19 |  4419 ||  4882
 Cast: Aura of Abjuratio |       |       |       |       |       |       |       |     1 |     9 ||    10
       Spellforged Servi |       |       |       |       |       |       |       |       |     9 ||     9
Invok: Heroism           |       |       |       |     8 |     7 |     6 |     5 |     5 |     5 ||    36
       Finesse           |       |       |       |       |       |     3 |     3 |     4 |     4 ||    14
       Greater Servant o |       |       |       |       |       |       |       |       |     3 ||     3
       Lesser Servant of |       |       |       |       |       |       |       |       |     2 ||     2
 Abil: Evoke Berserk Rag |       |     3 |     9 |    11 |       |       |       |       |       ||    23
       Evoke Ratskin     |       |       |       |       |       |       |     3 |       |       ||     3
       Stop Flying       |       |       |       |       |       |       |       |     1 |       ||     1
       Evoke Flight      |       |       |       |       |       |       |       |       |     1 ||     1
       Evoke Blink       |       |       |       |       |       |       |       |       |     6 ||     6
Evoke: Wand              |       |       |       |       |       |       |       |       |     1 ||     1
  Use: Scroll            |     1 |     4 |     5 |    12 |    15 |     9 |    17 |    13 |    36 ||   112
       Potion            |     1 |     6 |     3 |     3 |     2 |     2 |     2 |       |    13 ||    32
 Stab: Sleeping          |       |       |    16 |    28 |    29 |    65 |    87 |    35 |    37 ||   297
       Distracted        |       |       |       |     4 |     5 |    14 |     6 |     5 |    43 ||    77
       Petrified         |       |       |       |       |       |     6 |       |       |       ||     6
       Petrifying        |       |       |       |       |       |     1 |       |       |       ||     1
  Eat: Chunk             |    14 |     9 |    19 |    35 |    27 |    42 |    37 |    38 |    63 ||   284
       Fruit             |       |       |       |     2 |       |       |       |       |       ||     2
       Meat ration       |       |       |       |       |       |       |     2 |       |     5 ||     7
       Bread ration      |       |       |       |       |       |       |       |       |     3 ||     3
Armor: Scale mail        |    67 |   123 |   232 |   118 |   172 |   545 |   223 |   398 |   257 ||  2135
       Skin              |     8 |       |     9 |       |       |       |       |       |       ||    17
       Chain mail        |       |       |       |     2 |       |       |       |       |       ||     2
       Leather armour    |       |       |       |    41 |     6 |       |       |       |       ||    47
       Ring mail         |       |       |       |       |    79 |       |   123 |       |       ||   202
       Pearl dragon scal |       |       |       |       |       |       |       |       |   611 ||   611
       Acid dragon scale |       |       |       |       |       |       |       |       |    98 ||    98
Dodge: Dodged            |    31 |    68 |   202 |   237 |   376 |   808 |   454 |   565 |  1300 ||  4041
       Deflected         |       |       |       |       |       |       |    18 |    29 |    91 ||   138
Block: Shield            |    66 |   117 |   262 |   287 |   495 |  1077 |   155 |       |       ||  2459
       Reflection        |       |       |       |       |       |    11 |    21 |       |       ||    32
       Large shield      |       |       |       |       |       |       |   916 |  1823 |  4440 ||  7179
       Rpst.: Long sword |    13 |    17 |    59 |    39 |       |       |       |       |       ||   128
       Scimitar          |       |       |       |    27 |    92 |     8 |       |       |       ||   127
       Demon blade       |       |       |       |       |    11 |    35 |       |     3 |       ||    49
       Double sword      |       |       |       |       |       |    34 |     7 |     5 |   210 ||   256
